 Dungeon Crawl Stone Soup version 0.30.1-11-g7821555f0a (webtiles) character file.

Game seed: 1103675503911820819

737 Wegghi the Skirmisher (level 7, -9/60 HPs)
             Began as a Minotaur Hunter on Dec 5, 2023.
             Shot with an arrow by a centaur (11 damage)
             ... on level 6 of the Dungeon.
             The game lasted 00:18:54 (1854 turns).

Wegghi the Skirmisher (Minotaur Hunter)             Turns: 1854, Time: 00:18:55

Health: -9/60      AC: 11    Str: 15    XL:     7   Next: 46%
Magic:  6/6        EV:  8    Int:  6    God:
Gold:   182        SH:  0    Dex: 16    Spells: 6/6 levels left

rFire   . . .        a - +0 shortbow
rCold   + . .        (shield currently unavailable)
rNeg    . . .        i - +2 chain mail {rC+}
rPois   .            (helmet restricted)
rElec   .            (no cloak)
rCorr   .            (no gloves)
SInv    .            (no boots)
Will    .....        k - amulet of regeneration Stlth
                     (no ring)
HPRegen 1.10/turn    (no ring)
MPRegen 0.10/turn

%: no passive effects
@: no status effects
A: horns 2, retaliatory headbutt
a: no special abilities


You were on level 6 of the Dungeon.
You visited 1 branch of the dungeon, and saw 6 of its levels.

You collected 234 gold pieces.
You spent 52 gold pieces at shops.

Inventory:

Hand Weapons
 a - a +0 shortbow (weapon)
 j - a +0 mace
Missiles
 d - 3 poisoned darts
 n - 2 throwing nets
Armour
 c - a +0 leather armour
 e - a +0 ring mail
 i - a +2 chain mail of cold resistance (worn)
Jewellery
 k - an amulet of regeneration (around neck)
Wands
 l - a wand of flame (11)
Scrolls
 b - a scroll of immolation
 g - 2 scrolls of identify
 m - a scroll of enchant weapon {unknown}
 p - a scroll of blinking {unknown}
Potions
 f - 2 potions of degeneration
 h - a potion of haste {unknown}
 o - a potion of mutation {unknown}


   Skills:
 + Level 4.7 Fighting
 + Level 8.5 Ranged Weapons
 + Level 2.9 Armour
 + Level 3.1 Dodging
 + Level 1.0 Stealth


You had 6 spell levels left.
You didn't know any spells.
Your spell library contained the following spells:

 Spells                   Type           Power      Damage    Failure   Level
 Lesser Beckoning         Tloc           0%         N/A       100%        2
 Poisonous Vapours        Pois/Air       0%         N/A       100%        2
 Gell's Gravitas          Tloc           0%         N/A       100%        3
 Mephitic Cloud           Conj/Pois/Air  0%         N/A       100%        3
 Teleport Other           Tloc           0%         N/A       100%        3
 Vhi's Electric Charge    Tloc/Air       0%         N/A       100%        3
 Arcjolt                  Conj/Air       0%         1d10      100%        5
 Freezing Cloud           Conj/Ice/Air   0%         6-21      100%        5
 Maxwell's Capacitive Co  Air            0%         ∞         100%        8


Dungeon Overview and Level Annotations

Branches:
Dungeon (6/15)             Temple (0/1) D:4

Altars:

Shops:
D:3 ?   D:4 (


Innate Abilities, Weirdness & Mutations

You have a pair of horns on your head.
You reflexively headbutt those who attack you in melee.


Message History

You don't know any spells.
Aiming: Throw Flame
Press: ? - help, Q - select action, (/) - cycle Shift-Dir - straight line, f/p - phantom
Aim: a phantom (severely damaged, 56% to hit)
The puff of flame hits the phantom.
The phantom is almost destroyed.
The centaur shoots an arrow.
The arrow barely misses you. The phantom barely misses you.
Aiming: Throw Flame
Press: ? - help, Q - select action, (/) - cycle Shift-Dir - straight line, f/p - phantom
Aim: a phantom (almost destroyed, 56% to hit)
The puff of flame misses the phantom.
The centaur shoots an arrow.
The arrow hits you.
* * * LOW HITPOINT WARNING * * *
The phantom hits you.
* * * LOW HITPOINT WARNING * * *
The phantom blinks!
You blink.
Aiming: Throw Flame
Press: ? - help, Q - select action, (/) - cycle Shift-Dir - straight line, f/p - phantom
Aim: a phantom (almost destroyed, 56% to hit)
The puff of flame hits the phantom!
You destroy the phantom!
The centaur shoots an arrow.
The arrow hits you.
* * * LOW HITPOINT WARNING * * *
The centaur shoots an arrow.
The arrow hits you.
* * * LOW HITPOINT WARNING * * *
There is an escape hatch in the ceiling here.
A scorpion comes into view.
There are monsters nearby!
There are monsters nearby!
The centaur shoots an arrow.
The arrow closely misses you.
The centaur shoots an arrow.
The arrow hits you!
* * * LOW HITPOINT WARNING * * *
Fire: a) +0 shortbow
Press: ? - help, Q - select action, (/) - cycle Shift-Dir - straight line, f - scorpion
Aim: a scorpion (66% to hit)
You shoot an arrow. The arrow hits the scorpion!
The scorpion is heavily wounded.
The centaur shoots an arrow.
The arrow hits you!
You die...

..... #......#
......#......#
#...##......#
#######...##......#
....#
..................#
....#
.......s..........#
....#
..................#
....#
...........c<.....#
...# ##..@..##......#
...## ########......#
....# ......[.....#
....# ............#
....# ..c.........#
....+ ....##......#
...## ..
#########......#
...##
..##.........(....#
....#
....................#


You could see a centaur and a scorpion.

Vanquished Creatures
  A water moccasin (D:5)
  A phantom (D:6)
  2 scorpions
  4 hounds
  A jelly (D:5)
  An orc priest (D:4)
  An iguana (D:6)
  2 sleepcaps
  7 adders
  A white imp (D:6)
  3 ufetubi
  2 worms (D:2)
  A dart slug (D:2)
  13 orcs
  4 ball pythons
  4 endoplasms
  A giant cockroach (D:1)
  9 hobgoblins
  2 jackals (D:1)
  6 kobolds
  3 quokkas
  2 bats (D:1)
  6 frilled lizards
  5 goblins
  4 rats
86 creatures vanquished.

Notes
Turn   | Place    | Note
-------+----------+-------------------------------------------
     0 | D:1      | Wegghi the Minotaur Hunter began the quest for the Orb.
     0 | D:1      | Reached XP level 1. HP: 18/18 MP: 0/0
   112 | D:1      | Reached XP level 2. HP: 25/25 MP: 1/1
   341 | D:1      | Reached skill level 5 in Ranged Weapons
   369 | D:2      | Reached XP level 3. HP: 26/30 MP: 2/2
   901 | D:2      | Reached XP level 4. HP: 38/38 MP: 3/3
   978 | D:3      | Found Qoh Heom's Magic Scroll Boutique.
   983 | D:3      | Bought a scroll of identify for 26 gold pieces
   983 | D:3      | Bought a scroll of identify for 26 gold pieces
  1044 | D:4      | Reached skill level 1 in Armour
  1049 | D:4      | Noticed a scorpion
  1059 | D:4      | Killed a scorpion
  1060 | D:4      | Reached skill level 6 in Ranged Weapons
  1060 | D:4      | Reached skill level 1 in Stealth
  1060 | D:4      | Reached XP level 5. HP: 20/45 MP: 4/4
  1200 | D:4      | Found a staircase to the Ecumenical Temple.
  1391 | D:4      | Found Vaum's Antique Weapon Boutique.
  1467 | D:5      | Entered Level 5 of the Dungeon
  1624 | D:5      | Reached skill level 7 in Ranged Weapons
  1624 | D:5      | Reached XP level 6. HP: 52/52 MP: 5/5
  1655 | D:5      | Noticed a water moccasin
  1661 | D:5      | Killed a water moccasin
  1759 | D:6      | Reached skill level 8 in Ranged Weapons
  1759 | D:6      | Reached XP level 7. HP: 54/60 MP: 6/6
  1847 | D:6      | HP: 2/60 [centaur/arrow (5)]
  1853 | D:6      | HP: 1/60 [centaur/arrow (8)]
  1854 | D:6      | Shot with an arrow by a centaur

Illustrated notes

Levels and vault maps discovered:
D:1:      dpeg_arrival_court, layout_loops_ring, kennysheep_boxes
D:2:      layout_basic, nicolae_underground_beach
D:3:      minmay_general_purpose_star, layout_rooms, serial_shops, shop,
          uniq_terence
D:4:      layout_rooms, minmay_temple_entry_offerings, serial_shops, shop
D:5:      corexii_shack_village, layout_loops_ring, minivault_14
D:6:      layout_gridville, uniq_maggie, uniq_pikel

Skill      XL: |  1  2  3  4  5  6 |
---------------+-------------------+-----
Ranged Weapons | 5 6 7 8 |  8.5
Fighting       | 3 4 |  4.7
Armour         | 1 2 |  2.9
Stealth        | 1 |  1.0
Dodging        | 3 |  3.1

Action                     |  1- 3 |  4- 6 |  7- 9 || total
---------------------------+-------+-------+-------++-------
   Fire: Shortbow          |    91 |   131 |    30 ||   252
  Evoke: Wand              |       |       |     3 ||     3
    Use: Scroll            |       |     1 |       ||     1
 Armour: Leather armour    |    12 |       |       ||    12
         Ring mail         |       |     4 |       ||     4
         Chain mail        |       |    52 |    15 ||    67
  Dodge: Dodged            |    48 |    56 |    18 ||   122
